 Dungeon Crawl Stone Soup version 0.23-b1-6-ga921848 (webtiles) character file.

Game seed: 11438359626134567930

56 saradell the Chopper (level 4, 0/31 HPs)
             Began as a Halfling Berserker on Feb 2, 2019.
             Was a Believer of Trog.
             Slain by a gnoll
             ... wielding a +0 spear
              (9 damage)
             ... on level 2 of the Dungeon.
             The game lasted 00:16:14 (1123 turns).

saradell the Chopper (Halfling Berserker)           Turns: 1123, Time: 00:16:14

Health: 0/31       AC:  7    Str: 19    XL:     4   Next: 15%
Magic:  4/4        EV: 13    Int:  5    God:    Trog [**....]
Gold:   110        SH:  0    Dex: 13    Spells: 3/3 levels left

rFire    . . .     SeeInvis .   a - +0 hand axe
rCold    . . .     Gourm    .   (shield restricted)
rNeg     . . .     Faith    .   e - +0 scale mail
rPois    .         Spirit   .   (no helmet)
rElec    .         Reflect  .   (no cloak)
rCorr    .         Harm     .   (no gloves)
MR       .....                  l - +0 pair of boots
Stlth    ..........             (no amulet)
HPRegen  0.10/turn              (no ring)
MPRegen  0.09/turn              (no ring)

@: no status effects
A: small, mutation resistance 1
a: Berserk, Trog's Hand, Renounce Religion


You were on level 2 of the Dungeon.
You worshipped Trog.
Trog was pleased with you.
You were not hungry.

You visited 1 branch of the dungeon, and saw 2 of its levels.

You collected 110 gold pieces.

Inventory:

Hand Weapons
 a - a +0 hand axe (weapon)
 i - a +0 dagger
Missiles
 f - 26 stones (quivered)
 j - 5 tomahawks
Armour
 b - a +0 animal skin
 e - a +0 scale mail (worn)
 h - a +0 ring mail
 k - a +0 ring mail
 l - a +0 pair of boots (worn)
Scrolls
 d - a scroll of teleportation {unknown}
 m - a scroll of remove curse {unknown}
Potions
 g - a potion of invisibility {unknown}
 n - a potion of curing {unknown}


   Skills:
 + Level 3.2 Fighting
 + Level 4.0 Axes
 + Level 2.4 Armour
 + Level 2.3 Dodging
 + Level 0.2 Stealth


You had 3 spell levels left.
You didn't know any spells.
Your spell library was empty.

Dungeon Overview and Level Annotations

Branches:
Dungeon (2/15)

Altars:
The Shining One


Innate Abilities, Weirdness & Mutations

You are small and have problems with some larger weapons.
You are somewhat resistant to further mutation.


Message History

You completely miss the worm.
You hear a shout!
The worm bites you.
Your scale mail prevents you from hitting the worm.
You hit the worm.
The worm is moderately wounded.
The gnoll barely misses you. The worm bites you.
You completely miss the worm.
The worm is moderately wounded.
The gnoll hits you from afar with a +0 spear.
The worm bites you but does no damage.
You hit the worm but do no damage.
The worm is moderately wounded.
The gnoll completely misses you. The gnoll closely misses you.
You barely miss the worm.
The worm is moderately wounded.
The worm bites you.
* * * LOW HITPOINT WARNING * * *
The gnoll hits you from afar with a +0 spear!
You die...

#.# .. # #.#
#.# #.#.# #.#
#.#.# #.###.#.#
#.# .g.w#######
#.##.#.........
#.#@# #)##
####.w## ##.##
#....## ##.#
#.###.##
##.##### #
##.###......#
##.#.#####.#
##.## #.# ###
#†# #.#


You could see a worm and a gnoll.

Vanquished Creatures
  A gnoll (D:2)
  An ooze (D:1)
  A worm (D:2)
  A leopard gecko (D:1)
  A ball python (D:1)
  A bat (D:1)
  A giant cockroach (D:2)
  8 goblins
  7 hobgoblins
  2 jackals (D:1)
  6 kobolds
  2 frilled lizards (D:2)
  3 rats
35 creatures vanquished.

Notes
Turn   | Place    | Note
-------+----------+-------------------------------------------
     0 | D:1      | saradell the Halfling Berserker began the quest for the
                  | Orb.
     0 | D:1      | Reached XP level 1. HP: 15/15 MP: 1/1
    73 | D:1      | Reached XP level 2. HP: 15/20 MP: 2/2
   444 | D:1      | Reached XP level 3. HP: 26/26 MP: 3/3
   816 | D:1      | Found a glowing golden altar of the Shining One.
  1085 | D:2      | Reached ** piety under Trog
  1118 | D:2      | Reached skill level 4 in Axes
  1118 | D:2      | Reached XP level 4. HP: 22/31 MP: 4/4
  1123 | D:2      | Slain by a gnoll

Skill      XL: |  1  2  3 |
---------------+----------+-----
Fighting       | 3 |  3.2
Axes           | 4 |  4.0
Armour         | |  2.4
Dodging        | |  2.3
Stealth        | |  0.2

Action                   |  1- 3 |  4- 6 || total
-------------------------+-------+-------++-------
Melee: Hand axe          |   120 |     5 ||   125
  Eat: Ration            |     1 |       ||     1
Armor: Animal skin       |     2 |       ||     2
       Scale mail        |    36 |     1 ||    37
Dodge: Dodged            |    77 |     3 ||    80
